 Dungeon Crawl Stone Soup version 0.23.2-1-ga50397a6bc (webtiles) character file.

Game seed: 2929793340103969027

510 DildoBatman the Conjurer (level 7, -1/46 HPs)
             Began as a Formicid Wizard on Apr 21, 2019.
             Slain by a centaur (6 damage)
             ... on level 5 of the Dungeon.
             The game lasted 00:11:31 (3339 turns).

DildoBatman the Conjurer (Formicid Wizard)          Turns: 3339, Time: 00:11:31

Health: -1/46      AC:  6    Str: 11    XL:     7   Next: 42%
Magic:  18/21      EV: 11    Int: 20    God:
Gold:   260        SH:  0    Dex:  9    Spells: 3/13 levels left

rFire    . . .     SeeInvis +   b - +1 spear (venom)
rCold    . . .     Gourm    .   (no shield)
rNeg     . . .     Faith    .   o - +3 leather armour
rPois    .         Spirit   .   (helmet unavailable)
rElec    .         Reflect  .   (no cloak)
rCorr    .         Harm     .   (no gloves)
MR       .....                  (no boots)
Stlth    ++........             (no amulet)
HPRegen  0.15/turn              i - ring of magical power
MPRegen  0.17/turn              (no ring)

@: no status effects
A: permanent stasis, dig shafts and tunnels, four strong arms, antennae 3
a: Dig, Shaft Self


You were on level 5 of the Dungeon.
You were not hungry.

You visited 1 branch of the dungeon, and saw 5 of its levels.

You collected 260 gold pieces.

Inventory:

Hand Weapons
 a - a +1 dagger of electrocution
 b - a +1 spear of venom (weapon)
 c - a +0 hunting sling
 f - a +0 blowgun
 x - a +1 long sword of venom
 y - a +0 shortbow
Missiles
 e - 5 tomahawks
 l - 83 arrows
 p - 94 stones (quivered)
 r - 41 poisoned needles
 s - 7 needles of paralysis
 w - 41 bolts
 A - 17 sling bullets
Armour
 o - a +3 leather armour (worn)
Magical Staves
 D - an uncursed staff of earth {unknown}
Jewellery
 i - a ring of magical power (left hand)
Wands
 q - a wand of acid (6)
Scrolls
 d - 2 scrolls of enchant armour {unknown}
 h - 2 scrolls of remove curse {unknown}
 k - 4 scrolls of identify {unknown}
 m - a scroll of enchant weapon {unknown}
 n - a scroll of magic mapping {unknown}
Potions
 g - a potion of mutation {unknown}
 j - a potion of ambrosia {unknown}
 t - a potion of brilliance {unknown}
 u - a potion of curing {unknown}
 z - a potion of flight {unknown}
 B - a potion of might {unknown}
Comestibles
 v - 3 rations
 C - 3 chunks of flesh


   Skills:
 - Level 1.0 Short Blades
 * Level 1.0 Polearms
 - Level 1.7 Dodging
 - Level 2.4 Stealth
 * Level 3.5 Spellcasting
 - Level 6.0 Conjurations
   Level 1.0 Summonings
   Level 0.8 Translocations
 * Level 1.0 Fire Magic
 * Level 0.7 Air Magic
 * Level 1.4 Poison Magic


You had 3 spell levels left.
You knew the following spells:

 Your Spells              Type           Power        Failure   Level  Hunger
a - Conjure Flame         Conj/Fire      ###.....     13%         3    ###....
b - Confuse               Hex            #.......     47%         3    ###....
c - Magic Dart            Conj           ####         1%          1    None
e - Mephitic Cloud        Conj/Pois/Air  ##......     17%         3    ###....

Your spell library contained the following spells:

 Spells                   Type           Power        Failure   Level  Hunger
 Confusing Touch          Hex            #.....       19%         1    None
 Call Imp                 Summ           #.......     19%         2    ##.....
 Slow                     Hex            #.......     26%         2    ##.....
 Gell's Gravitas          Tloc           #.........   36%         3    ###....
 Petrify                  Tmut/Erth      #.......     87%         4    ####...
 Metabolic Englaciation   Hex/Ice        #.........   99%         5    ######.
 Yara's Violent Unravell  Hex/Tmut       #.........   99%         5    ######.
 Blink                    Tloc           Unusable     N/A         2    N/A

Dungeon Overview and Level Annotations

Branches:
Dungeon (5/15)
 Temple: D:4-7

Altars:
Gozag
Qazlal
Trog
Zin

Annotations:
D:2 exclusion: angel
D:4 Blork the orc, Grinder, Menkaure, Pikel, Prince Ribbit
D:5 exclusion: centaur


Innate Abilities, Weirdness & Mutations

You cannot be hasted, slowed, berserked, paralysed or teleported.
You can dig through walls and to a lower floor.
Your four strong arms can wield two-handed weapons with a shield.
You have a pair of large antennae on your head. (SInv)


Message History

The centaur looks as sick as possible!
The centaur is heavily wounded.
The centaur hits you! x2
You barely miss the centaur.
The centaur is heavily wounded.
The centaur hits you.
Casting: Mephitic Cloud (safe; 17% risk of failure)
Confirm with . or Enter, or press ? or * to list all spells.
Aiming: Mephitic Cloud (safe; 17% risk of failure)
Press: ? - help, Shift-Dir - straight line, f - centaur
Aim: a centaur (severely wounded, poisoned) That beam is likely to hit you.
Continue anyway?
The ball explodes into a vile cloud!
The stinking cloud engulfs the centaur but does no damage.
The centaur is severely wounded.
The stinking cloud engulfs you but does no damage.
The stinking cloud engulfs the leopard gecko but does no damage.
The centaur is engulfed in noxious fumes.
The centaur hits you.
You die...

#......#.#
#######.....<#.#
#....##......#.#
#....##......#.#
+...............
#..........###.#
###....#####.###.#
...................
...####...@.#.###
## ... #####c# ..
l○. ...# ## .....
#. .....# #. .....#
#. (..$%# #. #.


You could see a centaur and a leopard gecko.

Vanquished Creatures
  An ogre (D:4)
  A centaur (D:5)
  A scorpion (D:4)
  3 centaur skeletons
  An iguana (D:4)
  A worker ant (D:4)
  3 adders
  4 gnolls (D:3)
  3 oozes
  4 worms
  4 dart slugs
  3 leopard geckos
  4 orcs
  4 bats
  A giant cockroach (D:2)
  8 goblins
  10 hobgoblins
  6 kobolds
  A quokka (D:3)
  2 ball pythons
  A ball python skeleton (D:5)
  5 frilled lizards
  11 rats
82 creatures vanquished.

Notes
Turn   | Place    | Note
-------+----------+-------------------------------------------
     0 | D:1      | DildoBatman the Formicid Wizard began the quest for the
                  | Orb.
     0 | D:1      | Reached XP level 1. HP: 13/13 MP: 4/4
    41 | D:1      | Reached skill level 1 in Conjurations
   181 | D:1      | Reached XP level 2. HP: 14/19 MP: 1/6
   236 | D:1      | Reached skill level 2 in Conjurations
   397 | D:1      | Reached XP level 3. HP: 21/24 MP: 1/7
   402 | D:1      | Learned a level 3 spell: Conjure Flame
   406 | D:1      | Learned a level 3 spell: Mephitic Cloud
   828 | D:2      | Reached skill level 1 in Short Blades
   847 | D:2      | Reached skill level 3 in Conjurations
   847 | D:2      | Reached XP level 4. HP: 27/30 MP: 7/8
  1217 | D:2      | Found a glowing silver altar of Zin.
  1217 | D:2      | Noticed an angel
  1470 | D:3      | Reached XP level 5. HP: 30/35 MP: 8/9
  1491 | D:3      | Reached skill level 4 in Conjurations
  1521 | D:3      | Found a bloodstained altar of Trog.
  2157 | D:3      | Found a stormy altar of Qazlal.
  2160 | D:3      | Found a bloodstained altar of Trog.
  2160 | D:3      | Found an opulent altar of Gozag.
  2367 | D:4      | Reached skill level 5 in Conjurations
  2367 | D:4      | Reached XP level 6. HP: 31/41 MP: 10/10
  2499 | D:4      | Noticed Grinder
  2600 | D:4      | Noticed Blork the orc
  2715 | D:4      | Noticed an ogre
  2734 | D:4      | Killed an ogre
  2734 | D:4      | Reached XP level 7. HP: 28/46 MP: 11/11
  2737 | D:4      | Reached skill level 6 in Conjurations
  2755 | D:4      | Learned a level 3 spell: Confuse
  2882 | D:4      | Noticed Menkaure
  2900 | D:4      | Noticed Pikel
  2941 | D:5      | Entered Level 5 of the Dungeon
  3130 | D:5      | Noticed Prince Ribbit
  3292 | D:5      | Reached skill level 1 in Polearms
  3292 | D:5      | Reached skill level 1 in Fire Magic
  3292 | D:5      | Reached skill level 1 in Poison Magic
  3339 | D:5      | Slain by a centaur

Skill      XL: |  1  2  3  4  5  6  7 |
---------------+----------------------+-----
Conjurations   | 1 2 3 5 6 |  6.0
Short Blades   | 1 |  1.0
Polearms       | 1 |  1.0
Fire Magic     | 1 |  1.0
Poison Magic   | 1 |  1.4
Dodging        | |  1.7
Stealth        | |  2.4
Spellcasting   | |  3.5
Summonings     | |  1.0
Translocations | |  0.8
Air Magic      | |  0.7

Action                   |  1- 3 |  4- 6 |  7- 9 || total
-------------------------+-------+-------+-------++-------
Melee: Unarmed           |     3 |       |       ||     3
       Dagger            |    30 |    47 |     7 ||    84
       Spear             |       |       |    18 ||    18
 Cast: Magic Dart        |    67 |   106 |     4 ||   177
       Mephitic Cloud    |       |     4 |     4 ||     8
       Conjure Flame     |       |     1 |     2 ||     3
 Abil: Dig               |       |     4 |     2 ||     6
  Use: Scroll            |       |       |     1 ||     1
 Stab: Sleeping          |     4 |     1 |       ||     5
       Confused          |       |     1 |       ||     1
  Eat: Chunk             |       |     3 |     2 ||     5
       Ration            |       |     1 |       ||     1
Armor: Robe              |    12 |       |       ||    12
       Leather armour    |       |     7 |     4 ||    11
Dodge: Dodged            |    17 |    29 |    14 ||    60
